TOP OF THE 1ST |
Otsego Bulldogs batting - Pitching for Cape Cod Clams : RHP Kyoshi Asano
|
Pitching: RHP Kyoshi Asano
|
|
Batting: LHB Gino Canio
|
0-0: Foul Ball, location: 2F 0-1: Fly out, F9 (Flyball, 89M)
|
Batting: RHB Juan Pérez
|
0-0: Called Strike 0-1: Ball 1-1: Fly out, F8 (Flyball, 89D)
|
Batting: LHB George Wood
|
0-0: Foul Ball, location: 2F 0-1: Foul Ball, location: 2F 0-2: Ball 1-2: Foul Ball, location: 2F 1-2: Ball 2-2: Foul Ball, location: 2F 2-2: Ball 3-2: Base on Balls
|
Batting: LHB José Costa
|
0-0: Ball 1-0: Fielders Choice at 2nd, U4 (Groundball, 4M)
|
Top of the 1st over - 0 run(s), 0 hit(s), 0 error(s), 1 left on base; Otsego 0 - Cape Cod 0 |
BOTTOM OF THE 1ST |
Cape Cod Clams batting - Pitching for Otsego Bulldogs : LHP Cecil Bonekamp
|
Pitching: LHP Cecil Bonekamp
|
|
Batting: RHB Oliver Lugo
|
0-0: Ball 1-0: Ball 2-0: SINGLE (Line Drive, 8LS)
|
Batting: RHB Yasuhiro Kobayashi
|
0-0: Ball 1-0: Called Strike Oliver Lugo steals 2nd base 1-1: Ground out 5-3 (Groundball, 5S) Oliver Lugo to third
|
Batting: RHB Alfredo López
|
0-0: Called Strike 0-1: Ball 1-1: Ball 2-1: Foul Ball, location: 2F 2-2: Strikes out swinging
|
Batting: SHB Rob Grun
|
0-0: Ball 1-0: Swinging Strike 1-1: Called Strike 1-2: Strikes out swinging
|
Bottom of the 1st over - 0 run(s), 1 hit(s), 0 error(s), 1 left on base; Otsego 0 - Cape Cod 0 |
TOP OF THE 2ND |
Otsego Bulldogs batting - Pitching for Cape Cod Clams : RHP Kyoshi Asano
|
Batting: RHB Luis Moya
|
0-0: Ball 1-0: Swinging Strike 1-1: Ball 2-1: Called Strike 2-2: Foul Ball, location: 2F 2-2: Foul Ball, location: 2F 2-2: Foul Ball, location: 2F 2-2: Ball 3-2: Foul Ball, location: 2F 3-2: DOUBLE (Line Drive, 8RD)
|
Batting: RHB Taro Kino
|
0-0: Ball 1-0: Swinging Strike 1-1: SINGLE (Flyball, 89S) Luis Moya to third
|
Batting: RHB Raúl Bauza
|
0-0: Grounds into double play, 6-4-3 (Groundball, 6M) Luis Moya scores
|
Batting: RHB Ryosei Yamamoto
|
0-0: Called Strike 0-1: SINGLE (Groundball, 4MD)
|
Batting: RHB Kyung-bok Cho
|
0-0: Ball 1-0: Fielders Choice at 2nd, 5-4 (Groundball, 5)
|
Top of the 2nd over - 1 run(s), 3 hit(s), 0 error(s), 0 left on base; Otsego 1 - Cape Cod 0 |
BOTTOM OF THE 2ND |
Cape Cod Clams batting - Pitching for Otsego Bulldogs : LHP Cecil Bonekamp
|
Batting: LHB Willie Wallace
|
0-0: Ball 1-0: Foul Ball, location: 2F 1-1: Foul Ball, location: 2F 1-2: Strikes out swinging
|
Batting: RHB Jesús Hernández
|
0-0: Ground out 4-3 (Groundball, 4)
|
Batting: RHB Héctor Jiménez
|
0-0: Fly out, F9 (Flyball, 9D)
|
Bottom of the 2nd over - 0 run(s), 0 hit(s), 0 error(s), 0 left on base; Otsego 1 - Cape Cod 0 |
TOP OF THE 3RD |
Otsego Bulldogs batting - Pitching for Cape Cod Clams : RHP Kyoshi Asano
|
Batting: LHB Gino Canio
|
0-0: Ball 1-0: SOLO HOME RUN (Flyball, 8RXD), Distance : 423 ft
|
Batting: RHB Juan Pérez
|
0-0: Foul Ball, location: 2F 0-1: Called Strike 0-2: Ball 1-2: Ball 2-2: Foul Ball, location: 2F 2-2: Ball 3-2: Fly out, F9 (Flyball, 9M)
|
Batting: LHB George Wood
|
0-0: Ball 1-0: Ball 2-0: Swinging Strike 2-1: Ball 3-1: Base on Balls
|
Batting: LHB José Costa
|
0-0: Called Strike 0-1: SINGLE (Groundball, 56D) George Wood to second
|
Batting: RHB Luis Moya
|
0-0: Called Strike 0-1: Grounds into double play, 6-4-3 (Groundball, 6M)
|
Top of the 3rd over - 1 run(s), 2 hit(s), 0 error(s), 1 left on base; Otsego 2 - Cape Cod 0 |
BOTTOM OF THE 3RD |
Cape Cod Clams batting - Pitching for Otsego Bulldogs : LHP Cecil Bonekamp
|
Batting: SHB Ed Dale
|
0-0: Ball 1-0: Bunt missed! 1-1: SOLO HOME RUN (Flyball, 7D), Distance : 397 ft
|
Batting: RHB Víctor Solano
|
0-0: Ball 1-0: Foul Ball, location: 2F 1-1: Foul Ball, location: 2F 1-2: Foul Ball, location: 2F 1-2: Ball 2-2: Foul Ball, location: 2F 2-2: Reached on error, E5 (Groundball, 56S)
|
Batting: RHB Oliver Lugo
|
0-0: Ball 1-0: Foul Ball, location: 2F 1-1: Grounds into double play, 6-4-3 (Groundball, 6)
|
Batting: RHB Yasuhiro Kobayashi
|
0-0: Ball 1-0: Called Strike 1-1: Ball 2-1: Ball 3-1: Base on Balls
|
Batting: RHB Alfredo López
|
0-0: Called Strike 0-1: Swinging Strike 0-2: Ball 1-2: Strikes out swinging
|
Bottom of the 3rd over - 1 run(s), 1 hit(s), 1 error(s), 1 left on base; Otsego 2 - Cape Cod 1 |
TOP OF THE 4TH |
Otsego Bulldogs batting - Pitching for Cape Cod Clams : RHP Kyoshi Asano
|
Batting: RHB Taro Kino
|
0-0: Ball 1-0: Called Strike 1-1: Ball 2-1: Called Strike 2-2: Strikes out swinging
|
Batting: RHB Raúl Bauza
|
0-0: Foul Ball, location: 2F 0-1: Called Strike 0-2: Foul Ball, location: 2F 0-2: Ball 1-2: Strikes out swinging
|
Batting: RHB Ryosei Yamamoto
|
0-0: Called Strike 0-1: Fly out, F8 (Flyball, 8RM)
|
Top of the 4th over - 0 run(s), 0 hit(s), 0 error(s), 0 left on base; Otsego 2 - Cape Cod 1 |
BOTTOM OF THE 4TH |
Cape Cod Clams batting - Pitching for Otsego Bulldogs : LHP Cecil Bonekamp
|
Batting: SHB Rob Grun
|
0-0: Called Strike 0-1: Fly out, F7 (Line Drive, 7S)
|
Batting: LHB Willie Wallace
|
0-0: SINGLE (Line Drive, 6MD)
|
Batting: RHB Jesús Hernández
|
0-0: Ball 1-0: Called Strike 1-1: Swinging Strike 1-2: Foul Ball, location: 2F 1-2: Strikes out swinging
|
Batting: RHB Héctor Jiménez
|
0-0: Ball 1-0: Called Strike 1-1: Ball 2-1: Swinging Strike 2-2: Ball 3-2: Ground out 6-3 (Groundball, 6M)
|
Bottom of the 4th over - 0 run(s), 1 hit(s), 0 error(s), 1 left on base; Otsego 2 - Cape Cod 1 |
TOP OF THE 5TH |
Otsego Bulldogs batting - Pitching for Cape Cod Clams : RHP Kyoshi Asano
|
Batting: RHB Kyung-bok Cho
|
0-0: Fly out, F8 (Flyball, 8LXD)
|
Batting: LHB Gino Canio
|
0-0: Ground out 1-3 (Groundball, 34S)
|
Batting: RHB Juan Pérez
|
0-0: Called Strike 0-1: Ball 1-1: Called Strike 1-2: Foul Ball, location: 2F 1-2: Foul Ball, location: 2F 1-2: Ball 2-2: Strikes out swinging
|
Top of the 5th over - 0 run(s), 0 hit(s), 0 error(s), 0 left on base; Otsego 2 - Cape Cod 1 |
BOTTOM OF THE 5TH |
Cape Cod Clams batting - Pitching for Otsego Bulldogs : LHP Cecil Bonekamp
|
Batting: SHB Ed Dale
|
0-0: Ball 1-0: Foul Ball, location: 2F 1-1: Ball 2-1: Ball 3-1: Called Strike 3-2: Base on Balls
|
Batting: RHB Víctor Solano
|
0-0: Ball 1-0: Foul Ball, location: 2F 1-1: Swinging Strike Ed Dale steals 2nd base 1-2: Ball 2-2: Ball 3-2: Strikes out looking
|
Batting: RHB Oliver Lugo
|
0-0: Called Strike 0-1: Swinging Strike 0-2: Ball 1-2: Fly out, F9 (Flyball, 9LD) Runner from 2nd tags up, SAFE at 3rd, no throw
|
Batting: RHB Yasuhiro Kobayashi
|
0-0: Ball 1-0: Ball 2-0: DOUBLE (Line Drive, 8LXD) Ed Dale scores
|
Batting: RHB Alfredo López
|
0-0: Fly out, F9 (Line Drive, 9M)
|
Bottom of the 5th over - 1 run(s), 1 hit(s), 0 error(s), 1 left on base; Otsego 2 - Cape Cod 2 |
TOP OF THE 6TH |
Otsego Bulldogs batting - Pitching for Cape Cod Clams : RHP Kyoshi Asano
|
Batting: LHB George Wood
|
0-0: Ball 1-0: Ground out 4-3 (Groundball, 4)
|
Batting: LHB José Costa
|
0-0: Ball 1-0: Ball 2-0: Swinging Strike 2-1: Fly out, F7 (Flyball, 7D)
|
Batting: RHB Luis Moya
|
0-0: Foul Ball, location: 2F 0-1: Called Strike 0-2: Ball 1-2: Ball 2-2: Ball 3-2: Base on Balls
|
Batting: RHB Taro Kino
|
0-0: Called Strike 0-1: Ball 1-1: Called Strike 1-2: Ball 2-2: Ball 3-2: Base on Balls Luis Moya to second
|
Batting: RHB Raúl Bauza
|
0-0: Called Strike 0-1: Called Strike 0-2: Ball 1-2: Foul Ball, location: 2F 1-2: Ball 2-2: Strikes out swinging
|
Top of the 6th over - 0 run(s), 0 hit(s), 0 error(s), 2 left on base; Otsego 2 - Cape Cod 2 |
BOTTOM OF THE 6TH |
Cape Cod Clams batting - Pitching for Otsego Bulldogs : LHP Cecil Bonekamp
|
Batting: SHB Rob Grun
|
0-0: Fly out, F3 (Popup, 23F)
|
Batting: LHB Willie Wallace
|
0-0: Foul Ball, location: 2F 0-1: Ball 1-1: Fly out, F4 (Popup, 4)
|
Batting: RHB Jesús Hernández
|
0-0: Ball 1-0: Ball 2-0: SINGLE (Line Drive, 4MD)
|
Batting: RHB Héctor Jiménez
|
0-0: Ball 1-0: Called Strike 1-1: Ground out 5-3 (Groundball, 5)
|
Bottom of the 6th over - 0 run(s), 1 hit(s), 0 error(s), 1 left on base; Otsego 2 - Cape Cod 2 |
TOP OF THE 7TH |
Otsego Bulldogs batting - Pitching for Cape Cod Clams : RHP Kyoshi Asano
|
Pinch Hitting: LHB Allen Dickerson
|
0-0: SINGLE (Flyball, 8LS)
|
Batting: RHB Kyung-bok Cho
|
0-0: Ball 1-0: Bunted foul 1-1: Sac Bunt - play at first, batter OUT! 3-4 Allen Dickerson to second
|
Pitching: RHP Mario González
|
|
Batting: LHB Gino Canio
|
0-0: Called Strike 0-1: Ball 1-1: Ball 2-1: Ball 3-1: Ground out 4-3 (Groundball, 4) Allen Dickerson to third
|
Pinch Hitting: SHB Gilberto Guzmán
|
0-0: Called Strike 0-1: Ball 1-1: Ground out 4-3 (Groundball, 34)
|
Top of the 7th over - 0 run(s), 1 hit(s), 0 error(s), 1 left on base; Otsego 2 - Cape Cod 2 |
BOTTOM OF THE 7TH |
Cape Cod Clams batting - Pitching for Otsego Bulldogs : LHP Cecil Bonekamp
|
Pitching: RHP Germán Pérez
|
|
Now at 1B: Gilberto Guzmán
|
|
Pinch Hitting: RHB Wilbert Rodgers
|
0-0: Fly out, F7 (Flyball, 7D)
|
Now at 1B: José Ortíz
|
|
Batting: RHB Víctor Solano
|
0-0: Called Strike 0-1: Ball 1-1: Foul Ball, location: 2F 1-2: Ball 2-2: Foul Ball, location: 2F 2-2: Strikes out looking
|
Batting: RHB Oliver Lugo
|
0-0: Ball 1-0: Called Strike 1-1: Foul Ball, location: 2F 1-2: Ball 2-2: Foul Ball, location: 2F 2-2: Fly out, F7 (Flyball, 7M)
|
Bottom of the 7th over - 0 run(s), 0 hit(s), 0 error(s), 0 left on base; Otsego 2 - Cape Cod 2 |
TOP OF THE 8TH |
Otsego Bulldogs batting - Pitching for Cape Cod Clams : RHP Mario González
|
Pitching: RHP Grant Jackson
|
|
Now at 2B: Franklin Shaw
|
|
Batting: LHB George Wood
|
0-0: Foul Ball, location: 2F 0-1: Called Strike 0-2: Strikes out looking
|
Batting: LHB José Costa
|
0-0: Ball 1-0: Foul Ball, location: 2F 1-1: SINGLE (Line Drive, 34D)
|
Batting: RHB Luis Moya
|
0-0: Called Strike 0-1: Called Strike 0-2: Ball 1-2: SINGLE (Groundball, 6MD) José Costa to second
|
Batting: RHB Taro Kino
|
0-0: Ball 1-0: Called Strike 1-1: Ball 2-1: SINGLE (Groundball, 34D) José Costa to third Luis Moya to second Runner from 3rd tries for Home, SAFE, no throw or cutoff
|
Pinch Hitting: LHB Manny Domínguez
|
0-0: Foul Ball, location: 2F 0-1: Ball 1-1: Ball 2-1: Grounds into double play, 4-6-3 (Groundball, 34)
|
Top of the 8th over - 1 run(s), 3 hit(s), 0 error(s), 1 left on base; Otsego 3 - Cape Cod 2 |
BOTTOM OF THE 8TH |
Cape Cod Clams batting - Pitching for Otsego Bulldogs : RHP Germán Pérez
|
Now at 2B: Luis Antonio Velásquez
|
|
Batting: RHB Yasuhiro Kobayashi
|
0-0: Foul Ball, location: 2F 0-1: Foul Ball, location: 2F 0-2: Foul Ball, location: 2F 0-2: Strikes out swinging
|
Batting: RHB Alfredo López
|
0-0: Ball 1-0: Swinging Strike 1-1: Ball 2-1: Foul Ball, location: 2F 2-2: Ball 3-2: Foul Ball, location: 2F 3-2: Ground out 6-3 (Groundball, 6S)
|
Batting: SHB Rob Grun
|
0-0: Ball 1-0: Swinging Strike 1-1: Foul Ball, location: 2F 1-2: Strikes out looking
|
Bottom of the 8th over - 0 run(s), 0 hit(s), 0 error(s), 0 left on base; Otsego 3 - Cape Cod 2 |
TOP OF THE 9TH |
Otsego Bulldogs batting - Pitching for Cape Cod Clams : RHP Grant Jackson
|
Pitching: RHP Rex Welch
|
|
Batting: RHB José Ortíz
|
0-0: Foul Ball, location: 2F 0-1: Foul Ball, location: 2F 0-2: Ball 1-2: Ball 2-2: Ball 3-2: Foul Ball, location: 2F 3-2: SINGLE (Popup, 34D)
|
Batting: RHB Kyung-bok Cho
|
0-0: Bunted foul 0-1: Bunt missed! 0-2: Ball 1-2: Ball 2-2: Foul Ball, location: 2F 2-2: Foul Ball, location: 2F 2-2: Ball 3-2: Base on Balls José Ortíz to second
|
Batting: LHB Gino Canio
|
0-0: Ball 1-0: Called Strike 1-1: Called Strike 1-2: Ball 2-2: Strikes out swinging
|
Batting: SHB Gilberto Guzmán
|
0-0: Ball 1-0: Called Strike 1-1: Ball 2-1: SINGLE (Line Drive, 8LS) José Ortíz to third Kyung-bok Cho to second Runner from 3rd tries for Home, SAFE, no throw or cutoff
|
Batting: LHB George Wood
|
0-0: Foul Ball, location: 2F 0-1: Ball 1-1: Foul Ball, location: 2F 1-2: Fielders Choice at 2nd, 4-6 (Groundball, 4) Kyung-bok Cho to third
|
Batting: LHB José Costa
|
0-0: Called Strike 0-1: Foul Ball, location: 2F 0-2: DOUBLE (Flyball, 7LM) Kyung-bok Cho scores George Wood to third
|
Batting: RHB Luis Moya
|
0-0: Ball 1-0: Foul Ball, location: 2F 1-1: Ground out 4-3 (Groundball, 4M)
|
Top of the 9th over - 2 run(s), 3 hit(s), 0 error(s), 2 left on base; Otsego 5 - Cape Cod 2 |
BOTTOM OF THE 9TH |
Cape Cod Clams batting - Pitching for Otsego Bulldogs : RHP Germán Pérez
|
Pitching: RHP Artie Downing
|
|
Batting: LHB Willie Wallace
|
0-0: SINGLE (Line Drive, 4MD)
|
Batting: RHB Jesús Hernández
|
0-0: Called Strike 0-1: Ball 1-1: Swinging Strike 1-2: Fly out, F8 (Flyball, 8LM)
|
Batting: RHB Héctor Jiménez
|
0-0: Foul Ball, location: 2F 0-1: Foul Ball, location: 2F 0-2: SINGLE (Line Drive, 7LM) Willie Wallace to second
|
Pinch Hitting: LHB Miguel Rivería
|
0-0: Foul Ball, location: 2F 0-1: Foul Ball, location: 2F 0-2: Ground out 3-1 (Groundball, 34S) Willie Wallace to third Héctor Jiménez to second
|
Batting: RHB Víctor Solano
|
0-0: Ball 1-0: Ball 2-0: SINGLE (Groundball, 6MD) Willie Wallace scores Héctor Jiménez to third Runner from 3rd tries for Home, SAFE, no throw or cutoff
|
Batting: RHB Oliver Lugo
|
0-0: Called Strike 0-1: Ball 1-1: Ball 2-1: Foul Ball, location: 2F 2-2: Ball 3-2: Foul Ball, location: 2F 3-2: Foul Ball, location: 2F 3-2: Foul Ball, location: 2F 3-2: Foul Ball, location: 2F 3-2: Strikes out looking
|
Bottom of the 9th over - 2 run(s), 3 hit(s), 0 error(s), 1 left on base; Otsego 5 - Cape Cod 4 |
|